 Dungeon Crawl Stone Soup version 0.32-a0-928-g1cae6b7 (webtiles) character file.

Game seed: 6405893595885166441

550024 Ubbricas the End of an Era (level 26, -33/251 HPs)
             Began as a Ghoul Fighter on Apr 12, 2024.
             Was the Champion of Qazlal.
             Killed from afar by Tibbeudu's ghost (74 damage)
             ... with a great blast of fire
             ... on level 14 of a ziggurat.
             The game lasted 01:45:25 (66166 turns).

Ubbricas the End of an Era (Ghoul Fighter)         Turns: 66166, Time: 01:45:26

Health: -33/251    AC: 42    Str: 42    XL:     26   Next: 28%
Magic:  37/40      EV: 14    Int:  1    God:    Qazlal [******]
Gold:   2790       SH: 29    Dex: 16    Spells: 25/25 levels left

rFire   + + +        d - +0 broad axe (drain)
rCold   + + +        c - +2 tower shield "Enwizoag" {rCorr Dex+2}
rNeg    + + +        P - +9 plate armour of the Stonemason {Harm Rampage Int-3}
rPois   ∞            R - +2 helmet {SInv}
rElec   +            O - +2 cloak {Stlth+}
rCorr   +            p - +3 pair of gauntlets of War {Slay+5}
SInv    +            M - +1 pair of boots of the Lute {rF+ SInv}
Will    +++..        w - necklace of Bloodlust {Fury *Rage Will++ Int-3 Slay+6} Stlth
                     o - ring of Necety {rC+ Str+6 Dex+6}
HPRegen 0.00/turn    k - ring of Fuofeukoa {rElec rCorr Str+4 Stlth-}
MPRegen 0.27/turn

%: harm (+30% outgoing, +20% incoming), repel missiles, rampage
@: mighty, resistant, protected from fire, inhibited regen, studying 3 skills
A: claws 1, cold resistance 1, negative energy resistance 3, inhibited
regeneration, torment resistance 2, devour on kill
}: 3/15 runes: decaying, slimy, gossamer
a: Renounce Religion, Upheaval, Elemental Force, Disaster Area


You were on level 14 of a ziggurat.
You worshipped Qazlal.
Qazlal was exalted by your worship.
You visited 10 branches of the dungeon, and saw 46 of its levels.
You visited the Abyss 2 times.
You visited 1 ziggurat, and saw 14 of its levels.
You also visited: Trove, Sewer, Gauntlet, Ice Cave and Volcano.

You collected 8347 gold pieces.
You spent 5557 gold pieces at shops.

Inventory:

Hand Weapons
 d - a +0 broad axe of draining (weapon)
Missiles
 x - 13 silver javelins
 G - 20 curare-tipped darts
 J - 15 javelins
 Q - 2 throwing nets
Armour
 c - the +2 tower shield "Enwizoag" (worn) {rCorr Dex+2}
   (You took it off a deep elf high priest on level 3 of the Elven Halls)

   Dex+2:     It affects your dexterity (+2).
   rCorr:     It protects you from acid and corrosion.
 p - the +3 pair of gauntlets of War (worn) {Slay+5}
   (You found it on level 3 of the Depths)

   Slay+5:    It affects your accuracy & damage with ranged weapons and melee
   (+5).
 M - the +1 pair of boots of the Lute (worn) {rF+ SInv}
   (You found it on level 4 of the Spider Nest)

   rF+:       It protects you from fire.
   SInv:      It lets you see invisible.
 O - a +2 cloak of stealth (worn)
 P - the +9 plate armour of the Stonemason (worn) {Harm Rampage Int-3}
   (You bought it in a shop on level 4 of the Dungeon)

   Int-3:     It affects your intelligence (-3).
   Harm:      It increases damage dealt and taken.
   Rampage:   It bestows one free step when moving towards enemies.
 R - a +2 helmet of see invisible (worn)
Jewellery
 b - the ring "Muot" {Fly Will+ Dex+2}
   (You found it on level 3 of a ziggurat)

   [ring of flight]

   Dex+2:     It affects your dexterity (+2).
   Will+:     It increases your willpower.
   Fly:       It grants you flight.
 k - the ring of Fuofeukoa (right hand) {rElec rCorr Str+4 Stlth-}
   (You took it off a deep elf annihilator on level 3 of the Elven Halls)

   [ring of resist corrosion]

   Str+4:     It affects your strength (+4).
   rElec:     It insulates you from electricity.
   rCorr:     It protects you from acid and corrosion.
   Stlth-:    It makes you less stealthy.
 m - the dreamshard necklace {Acrobat *Dream}
   (You found it on level 12 of a ziggurat)

   [amulet of the acrobat]

   *Dream:    It absorbs a single lethal wound into itself, holding its wearer
   just short of death and releasing dream-creatures to guard them.
   Acrobat:   It increases your evasion while moving and waiting.
 o - the ring of Necety (left hand) {rC+ Str+6 Dex+6}
   (You found it on level 13 of a ziggurat)

   [ring of strength]

   Str+6:     It affects your strength (+6).
   Dex+6:     It affects your dexterity (+6).
   rC+:       It protects you from cold.
 s - the ring "Plog" {EV+5 Str+4}
   (You found it on level 8 of a ziggurat)

   [ring of evasion]

   EV+5:      It affects your evasion (+5).
   Str+4:     It affects your strength (+4).
 w - the necklace of Bloodlust (around neck) {Fury *Rage Will++ Int-3 Slay+6}
   (You took it off a deep elf high priest on level 3 of the Elven Halls)

   [amulet of nothing]

   Fury:      It extends the wearer's berserk rage when killing foes.
   Int-3:     It affects your intelligence (-3).
   Slay+6:    It affects your accuracy & damage with ranged weapons and melee
   (+6).
   Will++:    It greatly increases your willpower.
   *Rage:     It berserks you when you make melee attacks (+50% chance).
 K - the ring of Ferhaf {rC+ Will++ Str-3 Slay+5}
   (You found it on level 13 of a ziggurat)

   [ring of protection from cold]

   Str-3:     It affects your strength (-3).
   Slay+5:    It affects your accuracy & damage with ranged weapons and melee
   (+5).
   rC+:       It protects you from cold.
   Will++:    It greatly increases your willpower.
 T - the ring of Miytha {rCorr Int+4}
   (You found it on level 11 of a ziggurat)

   [ring of resist corrosion]

   Int+4:     It affects your intelligence (+4).
   rCorr:     It protects you from acid and corrosion.
 Z - the ring "Trusted Companion" {Will+ Slay+6}
   (You found it in a Gauntlet)

   [ring of willpower]

   Slay+6:    It affects your accuracy & damage with ranged weapons and melee
   (+6).
   Will+:     It increases your willpower.
Wands
 j - a wand of light (37)
 r - a wand of warping (58)
 u - a wand of digging (6)
 N - a wand of mindburst (41)
Scrolls
 a - 10 scrolls of fog
 f - 7 scrolls of blinking
 g - 26 scrolls of teleportation
 l - 6 scrolls of immolation
 y - 12 scrolls of enchant weapon
 z - 21 scrolls of identify
 E - 7 scrolls of poison
 H - 3 scrolls of silence
 I - 4 scrolls of fear
 S - 4 scrolls of enchant armour
 W - a scroll of summoning
 X - a scroll of torment
 Y - 5 scrolls of revelation
Potions
 h - 12 potions of curing
 i - 4 potions of enlightenment
 n - 7 potions of resistance
 q - 9 potions of haste
 t - 12 potions of ambrosia
 v - 10 potions of cancellation
 A - 18 potions of heal wounds
 C - 10 potions of brilliance
 D - 6 potions of attraction
 F - a potion of might
 U - 3 potions of magic
 V - 3 potions of invisibility
Miscellaneous
 e - a phial of floods
 B - a box of beasts
 L - a tin of tremorstones (2/2)


   Skills:
 * Level 23.4 Fighting
 - Level 18.0 Axes
 + Level 17.8 Armour
 - Level 13.8 Dodging
 + Level 14.7 Shields
 + Level 26.3 Invocations


You had 25 spell levels left.
You didn't know any spells.
Your spell library contained the following spells:

 Spells                   Type           Power      Damage    Failure   Level
 Apportation              Tloc           0%         N/A       98%         1
 Freeze                   Ice            0%         1d3       98%         1
 Kiss of Death            Conj/Necr      0%         2d5       98%         1
 Magic Dart               Conj           0%         1d3       98%         1
 Shock                    Conj/Air       0%         1d3       98%         1
 Slow                     Hex            0%         N/A       98%         1
 Sting                    Conj/Alch      0%         1d3       98%         1
 Summon Small Mammal      Summ           0%         N/A       98%         1
 Blink                    Tloc           0%         N/A       99%         2
 Call Imp                 Summ           0%         N/A       99%         2
 Cigotuvi's Dreadful Rot  Necr/Alch/Air  0%         N/A       99%         2
 Ensorcelled Hibernation  Hex/Ice        0%         N/A       99%         2
 Jinxbite                 Hex            0%         N/A       99%         2
 Lesser Beckoning         Tloc           0%         N/A       99%         2
 Mercury Vapours          Alch/Air       0%         N/A       99%         2
 Momentum Strike          Conj/Tloc      0%         3d8       99%         2
 Call Canine Familiar     Summ           0%         N/A       100%        3
 Confusing Touch          Hex            0%         N/A       100%        3
 Dazzling Flash           Conj/Hex       0%         N/A       100%        3
 Frozen Ramparts          Ice            0%         1d1       100%        3
 Fugue of the Fallen      Necr           0%         N/A       100%        3
 Hailstorm                Conj/Ice       0%         3d5       100%        3
 Maxwell's Portable Pile  Tloc           0%         2d(5-13)  100%        3
 Mephitic Cloud           Conj/Alch/Air  0%         N/A       100%        3
 Ozocubu's Armour         Ice            0%         N/A       100%        3
 Passwall                 Erth           0%         N/A       100%        3
 Sigil of Binding         Hex            0%         N/A       100%        3
 Summon Ice Beast         Ice/Summ       0%         N/A       100%        3
 Swiftness                Air            0%         N/A       100%        3
 Teleport Other           Tloc           0%         N/A       100%        3
 Tukima's Dance           Hex            0%         N/A       100%        3
 Vampiric Draining        Necr           0%         2d6       100%        3
 Volatile Blastmotes      Fire/Tloc      0%         2d10      100%        3
 Airstrike                Air            0%         2d(0-16)  100%        4
 Anguish                  Hex/Necr       0%         N/A       100%        4
 Animate Armour           Summ/Erth      0%         N/A       100%        4
 Animate Dead             Necr           0%         N/A       100%        4
 Brom's Barrelling Bould  Conj/Erth      0%         2d3       100%        4
 Dimensional Bullseye     Hex/Tloc       0%         N/A       100%        4
 Dispel Undead            Necr           0%         3d6       100%        4
 Fulminant Prism          Conj/Alch      0%         3d5       100%        4
 Iskenderun's Mystic Bla Conj/Tloc 0%             2d3        (+2d1     100%        4
 Leda's Liquefaction      Alch/Erth      0%         N/A       100%        4
 Martyr's Knell           Necr/Summ      0%         N/A       100%        4
 Olgreb's Toxic Radiance  Alch           0%         N/A       100%        4
 Passage of Golubria      Tloc           0%         N/A       100%        4
 Petrify                  Alch/Erth      0%         N/A       100%        4
 Vhi's Electric Charge    Tloc/Air       0%         N/A       100%        4
 Alistair's Intoxication  Alch           0%         N/A       100%        5
 Arcjolt                  Conj/Air       0%         1d10      100%        5
 Borgnjor's Vile Clutch   Necr/Erth      0%         N/A       100%        5
 Curse of Agony           Necr           0%         N/A       100%        5
 Fireball                 Conj/Fire      0%         3d3       100%        5
 Irradiate                Conj/Alch      0%         3d11      100%        5
 Iskenderun's Battlesphe  Conj           0%         2d6       100%        5
 Metabolic Englaciation   Hex/Ice        0%         N/A       100%        5
 Silence                  Hex/Air        0%         N/A       100%        5
 Summon Mana Viper        Hex/Summ       0%         N/A       100%        5
 Bombard                  Conj/Erth      0%         9d1       100%        6
 Conjure Ball Lightning   Conj/Air       0%         3x3d6     100%        6
 Death Channel            Necr           0%         N/A       100%        6
 Dispersal                Tloc           0%         N/A       100%        6
 Eringya's Noxious Bog    Alch           0%         4d6       100%        6
 Gell's Gavotte           Tloc           0%         2d(11-16) 100%        6
 Plasma Beam              Fire/Air       0%         2x1d10    100%        6
 Sculpt Simulacrum        Ice/Alch       0%         N/A       100%        6
 Starburst                Conj/Fire      0%         6d3       100%        6
 Monstrous Menagerie      Summ           0%         N/A       100%        7
 Orb of Destruction       Conj           0%         9d5       100%        7
 Spellforged Servitor     Conj/Summ      0%         N/A       100%        7
 Summon Hydra             Summ           0%         N/A       100%        7
 Discord                  Hex            0%         N/A       100%        8
 Disjunction              Tloc           0%         N/A       100%        8
 Lehudib's Crystal Spear  Conj/Erth      0%         10d2      100%        8
 Maxwell's Capacitive Co  Air            0%         ∞         100%        8
 Chain Lightning          Conj/Air       0%         N/A       100%        9
 Fire Storm               Conj/Fire      0%         5d1       100%        9
 Shatter                  Erth           0%         3d5*      100%        9
 Sublimation of Blood     Necr           Unusable   N/A       N/A         2

Dungeon Overview and Level Annotations

Branches:
Dungeon (15/15)            Temple (1/1) D:7            Lair (5/5) D:11
  Swamp (4/4) Lair:3       Spider (4/4) Lair:3        Slime (5/5) Lair:4
    Orc (2/2) D:9             Elf (3/3) Orc:2        Vaults (4/5) D:14
  Crypt (0/3) Vaults:3     Depths (3/4) D:15          Sewer (visited)
  IceCv (visited)         Volcano (visited)         Gauntlet (visited)

Altars:
Ashenzari
Cheibriados
Dithmenos
Fedhas
Gozag
Hepliaklqana
Kikubaaqudgha
Makhleb
Nemelex Xobeh
Okawaru
Qazlal
Ru
Sif Muna
Trog
Uskayaw
Vehumet
Wu Jian
Xom
Yredelemnul
Beogh
Jiyva
Lugonu

Shops:
D:2 =   D:4 *   D:6 (   D:8 *?   D:14 (   Orc:1 (([(?   Orc:2 *[*!   Elf:1 *
Vaults:2 (   Depths:3 *

Portals:
Hell: Depths:1 Depths:2 Depths:3
Abyss: Depths:2 Depths:3
Pandemonium: Depths:2

Annotations:
D:3 1 runed translucent door, Crazy Yiuf
Lair:2 1 runed translucent door, waagh's ghost, journeyman CoHu
Lair:4 3 runed translucent doors, AlexanderH's ghost, journeyman DrEE
Zig:14 Tibbeudu's ghost, legendary DjCj


Innate Abilities, Weirdness & Mutations

You are immune to poison.
You have sharp fingernails.
Your flesh is cold resistant. (rC+)
You are immune to negative energy. (rN+++)
You do not regenerate when monsters are visible.
You are immune to unholy pain and torment.
You thrive by killing the living.


Message History

You barely miss the fire vortex. Tibbeudu's ghost casts a spell at you.
The magic dart hits you but does no damage.
Your resistance to fire fades away.
You feel protected from physical attacks.
You barely miss Tibbeudu's ghost.
Tibbeudu's ghost is moderately damaged.
You slash the fire vortex! You block Tibbeudu's ghost's attack.
The fire vortex is engulfed in freezing vapours.
The fire vortex dissipates!
You closely miss Tibbeudu's ghost.
Tibbeudu's ghost is moderately damaged.
You closely miss Tibbeudu's ghost.
Tibbeudu's ghost is moderately damaged.
You slice the fire vortex!!
The fire vortex dissipates!
You slice the fire vortex like a ripe choko!!!
The fire vortex dissipates!
Tibbeudu's ghost points at you and mumbles some strange words.
A raging storm of fire appears!
The great blast of fire engulfs you!!! You partially resist.
Your resistance to physical damage fades away.
You feel protected from fire.
* * * LOW HITPOINT WARNING * * *
The great blast of fire engulfs Tibbeudu's ghost!!
Tibbeudu's ghost partially resists.
You hear a sizzling sound! 5 fire vortices come into view.
Unknown command.
Blink to where?
Press: ? - help, Dir - move target You have identified the last magical staff.
Found twenty-two items.
Found two gates leading back out of this place.
Found a stone staircase leading down.
As you read the scroll of blinking, it crumbles to dust.
Tibbeudu's ghost points at you and mumbles some strange words.
A raging storm of fire appears!
The great blast of fire engulfs you!!! You partially resist.
You die...

..).[○°☼v○v......
▓/=||...v..vW○v☼.......
▓∩[":..)[.)○§§v§≈......
▓>):?......☼○.§○.≈vv...
▓∩=[)............≈.....
▓[$=|.....v......≈.....
▓))|○..§.......≈.......
▓..............≈.v.....
▓.....@................
▓▓▓▓▓▓▓▓...........▓▓▓▓
..........▓ .... ▓▓▓


You could see 3 fire vortices and Tibbeudu's ghost.

Vanquished Creatures
  the Royal Jelly (Slime:5)
  Mara (Swamp:3)
  An ancient lich (Zig:7)
  The ghost of Obydaxko the Annihilator, a legendary DECj of Vehumet (Zig:14)
  4 juggernauts (Zig:12)
  The ghost of stone111 the Wrestler, a veteran DrSh of Cheibriados (Zig:14)
  The ghost of dilly the Crusher, a legendary OpSh of Uskayaw (Zig:14)
  the Lernaean hydra (Swamp:4)
  Jory (Vaults:3)
  4 golden dragons (Depths:3)
  Nikola (Spider:2)
  2 bone dragons
  2 iron giants (Zig:12)
  Zenata (Elf:2)
  2 tentacled monstrosities (Zig:8)
  Rupert (D:12)
  Mlioglotl (Swamp:1)
  2 deep elf master archers (Elf:3)
  3 deep elf blademasters
  A quicksilver dragon (Depths:3)
  A walking earthen tome (Depths:3)
  4 liches
  2 titans
  5 sphinxes
  19 acid blobs
  Frances (D:14)
  3 shadow dragons (Zig:14)
  4 tentacled starspawn (Abyss:3)
  2 ancient champions (Vaults:3)
  5 tengu reavers
  A thorn hunter (Swamp:2)
  Donald (Swamp:3)
  5 revenants (Zig:14)
  14 azure jellies
  6 deep elf sorcerers
  12 rockslimes
  9 fire giants
  A draconian shifter (Zig:4)
  A draconian scorcher (Zig:5)
  Louise (Swamp:1)
  8 emperor scorpions
  9 frost giants
  3 ghost moths
  14 vault wardens
  2 iron dragons (Depths:3)
  An angel (Abyss:3)
  2 deep elf elementalists
  A draconian stormcaller (Zig:5)
  10 orc warlords
  A broodmother (Spider:4)
  18 quicksilver oozes
  19 ironbound preservers
  11 formless jellyfish
  17 stone giants
  The ghost of csikos the Carver, a journeyman CoGl of Okawaru (Lair:5)
  20 very ugly things
  An eleionoma (Swamp:4)
  4 deep elf demonologists
  9 ironbound thunderhulks
  30 starcursed masses
  2 demonspawn black suns (Zig:14)
  4 vampire knights
  5 deep elf death magi
  9 dire elephants
  2 yellow draconians
  9 deep elf annihilators (Elf:3)
  4 purple draconians
  2 red draconians
  6 bunyips
  A minotaur (Gauntlet)
  2 war gargoyles
  Azrael (Elf:2)
  Snorg (D:11)
  An eidolon (Abyss:3)
  2 spark wasps (Spider:3)
  4 ettins
  A merfolk javelineer (Zig:11)
  Josephine (D:12)
  14 yaktaur captains
  A crystal guardian (Vaults:2)
  8 entropy weavers
  5 fire dragons
  A shambling mangrove (Swamp:1)
  5 ice dragons (Depths:3)
  8 deep elf high priests
  10 great orbs of eyes
  18 hydras
  4 jorogumos
  A salamander tyrant (Depths:3)
  9 ironbound frosthearts
  5 rakshasas
  A hell beast (Depths:2)
  2 peacekeepers
  2 vault guards
  Harold (D:10)
  3 catoblepae (Lair:5)
  17 centaur warriors
  A ghost crab (Swamp:2)
  2 radroaches (Spider:4)
  4 spriggan air magi
  35 dancing weapons
  5 alligators
  4 two-headed ogres
  8 boulder beetles
  A hell hog (Abyss:3)
  8 death yaks (Lair:5)
  A death scarab (Spider:4)
  2 tengu warriors
  3 thrashing horrors
  5 deep troll earth magi
  5 demonic crawlers
  A vampire mage (Depths:2)
  A sun demon (Abyss:3)
  7 orc high priests
  6 spriggan berserkers
  2 soul eaters
  23 spriggans
  6 deep troll shamans (Depths:1)
  A naga sharpshooter (Zig:11)
  5 occultists (Depths:3)
  19 deep elf knights
  2 skysharks (Lair:5)
  3 wretched stars
  A shadow wraith (Abyss:3)
  5 skeletal warriors
  Amaemon (Lair:1)
  8 iron trolls (Depths:1)
  A flayed ghost (Vaults:4)
  Lodul (D:14)
  5 pharaoh ants
  4 goliath frogs
  6 spriggan druids
  4 glowing orange brains
  14 swamp dragons
  12 deep elf archers
  A mana viper (shapeshifter) (Depths:2)
  2 orb spiders
  An anaconda zombie (Abyss:3)
  Pikel (D:6)
  A bog body (Swamp:1)
  63 deep trolls
  14 lindwurms
  6 arcanists
  2 obsidian bats (Orc:2)
  5 thermic dynamos
  A tengu zombie (Vaults:4)
  29 deep elf zephyrmancers
  An anaconda skeleton (Abyss:3)
  An orange crystal statue (IceCv)
  10 ironbound convokers
  A spriggan simulacrum (Swamp:2)
  13 orc knights
  37 deep elf pyromancers
  3 necromancers
  7 large abominations (Abyss:3)
  13 steelbarb worms
  13 harpies
  13 shining eyes
  9 orc sorcerers
  Maurice (Orc:1)
  20 wolf spiders
  2 oklob plants
  A worldbinder (Zig:2)
  45 ugly things
  3 salamanders (Depths:3)
  5 will-o-the-wisps
  8 cyclopes
  4 manticores
  4 kobold blastminers
  4 moths of wrath
  3 elephants (Lair:5)
  A rust devil (Abyss:3)
  6 torpor snails
  7 meliai
  A black mamba (Lair:4)
  2 molten gargoyles (Volcano)
  A smoke demon (Abyss:3)
  15 vault sentinels
  2 eyes of devastation
  7 cane toads
  A hellion (Depths:2)
  2 rime drakes
  11 komodo dragons
  An orange demon (Lair:1)
  An unseen horror (D:13)
  4 freezing wraiths
  A kobold demonologist (D:11)
  29 yaktaurs
  Jeremiah (D:6)
  2 tengu conjurers
  An anaconda simulacrum (Swamp:2)
  4 efreet
  7 ancient zymes
  A hellwing (Abyss:3)
  A polar bear (shapeshifter) (Depths:3)
  2 bloated husks
  Grinder (D:5)
  2 polar bears (Lair:5)
  8 trolls
  24 hornets
  8 tyrant leeches
  3 alligator simulacra
  28 tarantellas
  5 glass eyes
  18 blink frogs
  A snapping turtle (shapeshifter) (Depths:2)
  2 harpy skeletons (Abyss:3)
  25 jumping spiders
  A blink frog (shapeshifter) (Spider:4)
  4 raiju
  5 air elementals (Elf:1)
  4 centaur simulacra (Gauntlet)
  88 slime creatures
  7 ynoxinuls
  23 culicivoras
  6 small abominations (Abyss:3)
  A wyvern (D:8)
  3 dire elephant simulacra
  2 water elementals
  A shadow (D:12)
  An ettin skeleton (Vaults:4)
  42 yaks
  7 wraiths
  2 basilisks
  10 fire elementals
  A yak (shapeshifter) (D:15)
  A warg (Orc:2)
  5 golden eyes (Slime:2)
  Grum (D:8)
  3 neqoxecs
  3 chaos spawn (Abyss:3)
  A minotaur simulacrum (Swamp:2)
  17 vampire mosquitoes
  59 redbacks
  3 harpy simulacra
  18 swamp worms
  3 acid dragons
  Edmund (D:5)
  A glowing shapeshifter skeleton (Vaults:4)
  4 hell hounds (Elf:2)
  19 water moccasins
  Duvessa (D:5)
  Pargi (Sewer)
  9 swamp drakes
  2 ice beasts
  32 orc warriors
  2 sky beasts
  5 black bears
  8 laughing skulls
  An ettin simulacrum (IceCv)
  17 wolves
  13 ogres
  A boggart (Lair:5)
  A phantom (D:6)
  13 centaurs
  3 lemures (D:6)
  4 kobold brigands
  14 bullfrogs
  2 gnoll sergeants
  A brain worm (Sewer)
  5 earth elementals
  3 scorpions
  A cane toad simulacrum (Gauntlet)
  Dowan (D:5)
  5 lindwurm simulacra
  2 electric eels
  13 howler monkeys
  2 quasits (Abyss:3)
  3 hounds
  A jelly (D:4)
  2 bombardier beetles (D:6)
  32 orc priests
  4 iron imps (Gauntlet)
  2 sleepcaps (D:6)
  2 iguanas
  38 orc wizards
  A hell rat (D:11)
  2 human simulacra
  8 gnolls
  7 adders
  A river rat (D:11)
  A shadow imp (D:8)
  5 white imps
  2 ufetubi (D:6)
  3 dart slugs
  3 ribbon worms
  80 orcs
  8 endoplasms
  4 giant cockroaches
  4 goblins
  7 hobgoblins
  8 jackals
  22 kobolds
  6 quokkas
  5 ball pythons
  7 bats
  2 frilled lizards
  8 rats
  16 fire vortices (Zig:14)
  3 starspawn tentacles (Abyss:3)
2093 creatures vanquished.

Vanquished Creatures (collateral kills)
  A lindwurm (Volcano)
  4 vampire mosquitoes (Swamp:2)
  2 swamp worms (Swamp:2)
  A brain worm (Sewer)
  An orc priest (D:8)
  An orc (D:8)
  2 kobolds (Sewer)
12 creatures vanquished.

Vanquished Creatures (others)
  A blizzard demon (Gauntlet)
  An alligator (Swamp:1)
  A dancing weapon (Elf:1)
  A spriggan berserker (Zig:8)
  A deep elf knight (Elf:1)
  A soul eater (Zig:14)
  An ironbound convoker (Vaults:3)
  A hornet (Swamp:1)
  A human simulacrum (D:9)
  24 foxfires
  4 starspawn tentacles
37 creatures vanquished.

Grand Total: 2142 creatures vanquished

Notes
Turn   | Place    | Note
-------+----------+-------------------------------------------
     0 | D:1      | Ubbricas the Ghoul Fighter began the quest for the Orb.
     0 | D:1      | Reached XP level 1. HP: 19/19 MP: 1/1
   330 | D:1      | Reached XP level 2. HP: 26/26 MP: 2/2
   886 | D:2      | Reached XP level 3. HP: 31/31 MP: 3/3
  1086 | D:2      | Found Coqeadye's Jewellery Boutique.
  1356 | D:3      | Identified the +1 leather armour of the Bull {rC- Int+3
                  | Dex+4}
  1559 | D:3      | Reached XP level 4. HP: 38/38 MP: 4/4
  1769 | D:3      | Found a runed translucent door.
  1770 | D:3      | Noticed Crazy Yiuf
  1874 | D:4      | Reached XP level 5. HP: 23/45 MP: 5/5
  1880 | D:4      | Reached skill level 5 in Axes
  2231 | D:4      | Reached XP level 6. HP: 51/51 MP: 6/6
  2575 | D:4      | Found Miylez's Assorted Antiques.
  2733 | D:5      | Entered Level 5 of the Dungeon
  2869 | D:5      | Found a glowing drain.
  2876 | D:5      | Noticed Dowan
  2877 | D:5      | Noticed Duvessa
  2880 | Sewer    | Entered a sewer
  2880 | Sewer    | Noticed Pargi
  2896 | Sewer    | Reached XP level 7. HP: 44/57 MP: 7/7
  2923 | Sewer    | Killed Pargi
  3136 | D:5      | Killed Duvessa
  3140 | D:5      | Killed Dowan
  3324 | D:5      | Noticed Edmund
  3338 | D:5      | Killed Edmund
  3339 | D:5      | Reached XP level 8. HP: 46/66 MP: 8/8
  3732 | D:5      | Noticed Grinder
  3740 | D:5      | Paralysed by Grinder for 4 turns
  3745 | D:5      | Killed Grinder
  3746 | D:5      | Reached skill level 5 in Fighting
  4142 | D:6      | Noticed Jeremiah
  4196 | D:6      | Killed Jeremiah
  4381 | D:6      | Noticed a hornet
  4388 | D:6      | Killed a hornet
  4389 | D:6      | Reached XP level 9. HP: 63/78 MP: 9/9
  4705 | D:6      | Reached skill level 10 in Axes
  5018 | D:6      | Noticed Pikel
  5033 | D:6      | Killed Pikel
  5286 | D:6      | Found Sifah's Antique Weapon Shop.
  5617 | D:7      | Reached XP level 10. HP: 91/91 MP: 10/10
  5878 | D:7      | Found a staircase to the Ecumenical Temple.
  5885 | Temple   | Entered the Ecumenical Temple
  5905 | Temple   | Became a worshipper of Qazlal Stormbringer
  5945 | D:7      | Reached skill level 1 in Invocations
  6387 | D:8      | Reached skill level 2 in Invocations
  6473 | D:8      | Noticed Grum
  6751 | D:8      | Found Lonn's Assorted Antiques.
  6825 | D:8      | Noticed a two-headed ogre
  6852 | D:8      | Killed a two-headed ogre
  6853 | D:8      | Reached skill level 3 in Invocations
  7035 | D:8      | Reached skill level 4 in Invocations
  7040 | D:8      | Killed Grum
  7203 | D:8      | Found Osoustaq's Magic Scroll Shop.
  7209 | D:8      | Identified the +9 trident "Cing" {venom, rPois rN+++ rCorr
                  | Stlth-}
  7238 | D:8      | Reached * piety under Qazlal
  7336 | D:8      | Reached skill level 10 in Fighting
  7717 | D:8      | Found a shimmering blue altar of Sif Muna.
  7785 | D:8      | Reached skill level 5 in Invocations
  8190 | D:9      | Found a snail-covered altar of Cheibriados.
  8417 | D:9      | Found a staircase to the Orcish Mines.
  8454 | D:9      | Reached skill level 6 in Invocations
  8484 | D:9      | Reached ** piety under Qazlal
  8995 | Orc:1    | Entered Level 1 of the Orcish Mines
  9011 | D:9      | Reached XP level 11. HP: 66/101 MP: 15/15
  9252 | Orc:1    | Found Xioviam's Weapon Boutique.
  9328 | Orc:1    | Noticed Maurice
  9341 | Orc:1    | Something stole a staff of air
  9356 | Orc:1    | Killed Maurice
  9503 | D:4      | Bought a dazzling plate armour for 700 gold pieces
  9503 | D:4      | Identified the +9 plate armour of the Stonemason {Harm
                  | Rampage Int-3} (You bought it in a shop on level 4 of the
                  | Dungeon)
  9632 | Orc:1    | Found Cikhen's Weapon Boutique.
  9723 | Orc:1    | Reached skill level 7 in Invocations
  9792 | Orc:1    | Found a roughly hewn altar of Beogh.
  9809 | Orc:1    | Reached *** piety under Qazlal
  9912 | Orc:1    | Found Inopulyo's Antique Armour Boutique.
  9936 | Orc:1    | Found Wadiefuv's Weapon Emporium.
  9936 | Orc:1    | Noticed a +0 executioner's axe
  9937 | Orc:1    | Noticed a +0 demon blade
 10270 | Orc:1    | Found New Bidaha's Magic Scroll Emporium.
 10273 | Orc:1    | Bought a scroll of silence for 133 gold pieces
 10273 | Orc:1    | Bought a scroll of identify for 28 gold pieces
 10273 | Orc:1    | Bought a scroll of identify for 28 gold pieces
 10376 | Orc:2    | Entered Level 2 of the Orcish Mines
 10376 | Orc:2    | Noticed an orc warlord
 10378 | Orc:2    | Noticed an obsidian bat
 10378 | Orc:2    | Killed an orc warlord
 10566 | Orc:2    | Found a staircase to the Elven Halls.
 10569 | Orc:2    | Noticed a two-headed ogre
 10577 | Orc:2    | Killed a two-headed ogre
 10578 | Orc:2    | Reached skill level 8 in Invocations
 10657 | Orc:2    | Found a dark tunnel.
 10669 | Volcano  | Entered a volcano
 10669 | Volcano  | Found a hide-covered altar of Uskayaw.
 11019 | Volcano  | Noticed a lindwurm
 11019 | Volcano  | Noticed a lindwurm
 11034 | Volcano  | Killed a lindwurm
 11183 | Volcano  | Killed a lindwurm
 11184 | Volcano  | Reached skill level 5 in Armour
 11184 | Volcano  | Reached skill level 9 in Invocations
 11285 | Volcano  | Reached XP level 12. HP: 63/110 MP: 18/18
 11995 | Orc:2    | Noticed an orc high priest
 12000 | Orc:2    | Reached **** piety under Qazlal
 12011 | Orc:2    | Killed an orc high priest
 12042 | Orc:2    | Found a roughly hewn altar of Beogh.
 12077 | Orc:2    | Noticed an orc high priest
 12082 | Orc:2    | Killed an orc high priest
 12085 | Orc:2    | Noticed an orc high priest
 12244 | Orc:2    | Killed an orc high priest
 12245 | Orc:2    | Reached skill level 10 in Invocations
 12369 | Orc:2    | Noticed an orc high priest
 12379 | Orc:2    | Killed an orc high priest
 12625 | Orc:2    | Noticed an orc high priest
 12630 | Orc:2    | Paralysed by an orc sorcerer for 2 turns
 12640 | Orc:2    | Killed an orc high priest
 12671 | Orc:2    | Reached skill level 11 in Invocations
 12924 | Orc:2    | Found Bolothrut's Armour Shoppe.
 12924 | Orc:2    | Found Ucsivyr's Assorted Antiques.
 12925 | Orc:2    | Found Fieca's General Store.
 12929 | Orc:2    | Found Tegufoeq's Distillery.
 12935 | Orc:2    | Bought a dark potion for 32 gold pieces
 12935 | Orc:2    | Bought a brown potion for 32 gold pieces
 13150 | D:4      | Bought a steaming plate armour for 700 gold pieces
 13150 | D:4      | Identified the +0 plate armour "Peajikk" {rF- Str+2 Int+5}
                  | (You bought it in a shop on level 4 of the Dungeon)
 13263 | D:10     | Entered Level 10 of the Dungeon
 13274 | D:10     | Noticed Harold
 13279 | D:10     | Killed Harold
 13379 | D:10     | Reached ***** piety under Qazlal
 14006 | Orc:2    | Bought a +0 helmet for 67 gold pieces
 14195 | D:11     | Reached XP level 13. HP: 119/119 MP: 21/21
 14425 | D:11     | Found a staircase to the Lair.
 14510 | D:11     | Reached skill level 12 in Invocations
 14690 | D:11     | Noticed Snorg
 14698 | D:11     | Killed Snorg
 14813 | D:11     | Found a portal to a secret trove of treasure.
 14823 | Trove    | Entered a treasure trove
 14857 | Trove    | Identified the ring of Nokhumy {Ice Dex+4 Stlth+}
 14980 | Lair:1   | Entered Level 1 of the Lair of Beasts
 15232 | Lair:1   | Noticed Amaemon
 15249 | Lair:1   | Killed Amaemon
 15250 | Lair:1   | Reached skill level 1 in Dodging
 16322 | Lair:2   | Found a runed translucent door.
 16328 | Lair:2   | Noticed waagh's ghost (journeyman CoHu)
 16894 | Lair:3   | You fall into a shaft and drop 2 floors!
 16894 | Lair:5   | Entered Level 5 of the Lair of Beasts
 17111 | Lair:4   | Reached skill level 13 in Invocations
 17209 | Lair:4   | Found a staircase to the Slime Pits.
 17586 | Lair:4   | Identified the +4 battleaxe of Viahem {heavy, Will+}
 17719 | Lair:4   | Found a runed translucent gate.
 17720 | Lair:4   | Found a runed translucent gate.
 17721 | Lair:4   | Found a runed translucent gate.
 17723 | Lair:4   | Noticed AlexanderH's ghost (journeyman DrEE)
 18218 | Lair:3   | Found a hole to the Spider Nest.
 18395 | Lair:3   | Found a staircase to the Swamp.
 18786 | Lair:5   | Identified the +0 pair of boots of Apathy {rPois Will+
                  | Int+2}
 18837 | Lair:5   | Reached XP level 14. HP: 129/129 MP: 24/24
 18976 | Lair:5   | Reached skill level 5 in Dodging
 19066 | Lair:5   | Reached skill level 14 in Invocations
 19532 | Lair:5   | Found a runed translucent door.
 19539 | Lair:5   | Identified the +2 spear of Temperance {speed, rF- rC+ Str+2
                  | Dex+4}
 19540 | Lair:5   | Noticed csikos's ghost (journeyman CoGl)
 19882 | Lair:5   | Killed csikos's ghost
 20309 | Lair:5   | Identified the +1 mace of Ukkeb {flame, rC- rN+ Int+5}
 20672 | D:12     | Noticed Josephine
 20681 | D:12     | Killed Josephine
 20688 | D:12     | Reached skill level 15 in Invocations
 20704 | D:12     | Noticed Rupert
 20713 | D:12     | Killed Rupert
 20714 | D:12     | Reached XP level 15. HP: 130/138 MP: 17/26
 20722 | D:12     | Found a gate leading to a gauntlet.
 20731 | Gauntlet | Entered a Gauntlet
 20731 | Gauntlet | Found a transporter.
 20767 | Gauntlet | Found a transporter.
 20792 | Gauntlet | Found a transporter.
 20792 | Gauntlet | Found the ring of the Mage {Wiz Archmagi}
 20794 | Gauntlet | Found a transporter.
 20810 | Gauntlet | Found a transporter.
 20825 | Gauntlet | Found a transporter.
 20829 | Gauntlet | Found a runed translucent door.
 20836 | Gauntlet | Found a transporter.
 20841 | Gauntlet | Found a transporter.
 20844 | Gauntlet | Found a transporter.
 20851 | Gauntlet | Found a transporter.
 20856 | Gauntlet | Found a transporter.
 20858 | Gauntlet | Found a transporter.
 20892 | Gauntlet | Found a transporter.
 20907 | Gauntlet | Found a transporter.
 21232 | Gauntlet | Identified the ring of Byczonu {Fly rPois rCorr Int+2
                  | Dex+3}
 21234 | Gauntlet | Identified the ring "Trusted Companion" {Will+ Slay+6}
 23364 | D:14     | Found Hoif's Weapon Shoppe.
 23603 | D:14     | Noticed Frances
 23610 | D:14     | Reached skill level 16 in Invocations
 23612 | D:14     | Killed Frances
 24055 | D:14     | Found a gate to the Vaults.
 24172 | D:14     | Noticed Lodul
 24179 | D:14     | Killed Lodul
 24572 | D:15     | Entered Level 15 of the Dungeon
 24894 | D:15     | Reached XP level 16. HP: 147/147 MP: 28/28
 24969 | D:15     | Found a staircase to the Depths.
 25999 | Spider:1 | Entered Level 1 of the Spider Nest
 26034 | Spider:1 | Reached skill level 15 in Fighting
 26216 | Spider:1 | Reached skill level 10 in Armour
 26318 | Spider:1 | Got the Folio of Accompaniment
 26486 | Spider:1 | Found the +2 pair of slick slippers {slick, slippery, EV+4}
 27245 | Spider:2 | Reached skill level 10 in Dodging
 27246 | Spider:2 | Reached skill level 17 in Invocations
 27256 | Spider:2 | Noticed Nikola
 27274 | Spider:2 | Killed Nikola
 27634 | Spider:2 | Reached skill level 15 in Axes
 27634 | Spider:2 | Reached XP level 17. HP: 156/156 MP: 29/29
 28310 | Spider:3 | Reached ****** piety under Qazlal
 28315 | Spider:3 | Reached skill level 18 in Invocations
 29311 | Spider:4 | Entered Level 4 of the Spider Nest
 29353 | Spider:4 | Reached XP level 18. HP: 83/166 MP: 31/31
 29579 | Spider:4 | Identified the ring of Nyg Idis {rC- Str+7 Int+6}
 30450 | Spider:4 | Identified the +1 pair of boots of the Lute {rF+ SInv}
 30844 | Spider:4 | Found the +3 hat of Pondering {ponderous, Will+ MP+10
                  | Int+5}
 30860 | Spider:4 | Got a gossamer rune of Zot
 31336 | Elf:1    | Entered Level 1 of the Elven Halls
 31345 | Elf:1    | Reached skill level 19 in Invocations
 31867 | Elf:1    | Paralysed by an air elemental for 1 turns
 32143 | Elf:1    | Paralysed by an air elemental for 1 turns
 32262 | Elf:1    | Found Igimealy's Assorted Antiques.
 32272 | Elf:1    | Bought a crude graven amulet for 215 gold pieces
 32272 | Elf:1    | Identified the amulet of Xom's Approval {-Tele rN++ Regen+
                  | RegenMP+ Int+4} (You bought it in a shop on level 1 of the
                  | Elven Halls)
 32272 | Elf:1    | Bought a glowing cloak for 322 gold pieces
 32283 | Elf:1    | Paralysed by an air elemental for 1 turns
 32571 | Elf:1    | Upgraded the game from 0.32-a0-927-g1d8594b to
                  | 0.32-a0-928-g1cae6b7
 33211 | Elf:2    | Reached XP level 19. HP: 158/174 MP: 32/32
 33673 | Elf:2    | Found a runed translucent gate.
 33673 | Elf:2    | Found a runed translucent gate.
 33673 | Elf:2    | Found a runed translucent gate.
 33888 | Elf:2    | Reached skill level 20 in Invocations
 33894 | Elf:2    | Noticed Zenata
 33911 | Elf:2    | Killed Zenata
 34275 | Elf:2    | Noticed Azrael
 34282 | Elf:2    | Killed Azrael
 34609 | Elf:3    | Entered Level 3 of the Elven Halls
 34617 | Abyss:3  | Cast into level 3 of the Abyss (+0 trident of distortion)
 34747 | Abyss:3  | Found a viscous altar of Jiyva.
 34845 | Elf:3    | Escaped the Abyss
 35160 | Elf:3    | HP: 7/177 [deep elf annihilator/crystal spear (55)]
 35163 | Elf:3    | Reached skill level 21 in Invocations
 35163 | Elf:3    | Reached XP level 20. HP: 51/185 MP: 34/34
 36127 | Elf:3    | Identified the ring of Fuofeukoa {rElec rCorr Str+4 Stlth-}
 36265 | Elf:3    | Identified the ring of Esolum {rF+ rN+ Stlth+}
 36266 | Elf:3    | Identified the +10 quarterstaff of the Median {venom, rPois
                  | Int+4}
 36291 | Elf:3    | Identified the ring "Qurituh" {Fire MP+9 Dex+2}
 36291 | Elf:3    | Identified the +2 tower shield "Enwizoag" {rCorr Dex+2}
 36296 | Abyss:3  | Cast into level 3 of the Abyss (deep elf zephyrmancer)
 36324 | Abyss:3  | Noticed a bone dragon
 36335 | Abyss:3  | Killed a bone dragon
 36537 | Elf:3    | Escaped the Abyss
 36981 | Elf:3    | Got Baojuata's Catalogue of the Hiemal Snake
 36984 | Elf:3    | Identified the staff of Ragnarok {+Blink rF+ Str-2 Int+3
                  | Hexes Fire}
 36989 | Elf:3    | Identified the staff "Xafev" {rF+ Dex+4 Stlth- Earth}
 37001 | Elf:3    | Found the +3 Mad Mage's Maulers {Infuse+∞ VampMP -Cast}
 37013 | Elf:3    | Identified the +0 pair of boots of Catoismo {rF+ Will++
                  | Stlth+}
 37054 | Elf:3    | Identified the +2 barding of the Loofah {Rampage Int+5}
 38083 | Swamp:1  | Entered Level 1 of the Swamp
 38083 | Swamp:1  | Noticed Louise
 38098 | Swamp:1  | Killed Louise
 38575 | Swamp:1  | Noticed Mlioglotl
 38583 | Swamp:1  | Killed Mlioglotl
 39332 | Swamp:2  | Found a glacial archway.
 39353 | IceCv    | Entered an ice cave
 39355 | IceCv    | Found a transporter.
 39499 | IceCv    | Found a transporter.
 39670 | IceCv    | Got the Information on Arcane Combat
 40319 | Swamp:2  | Reached skill level 22 in Invocations
 40319 | Swamp:2  | Reached XP level 21. HP: 194/194 MP: 5/36
 40825 | Swamp:3  | Noticed Mara
 40831 | Swamp:3  | Noticed Ubbricas's illusion
 40839 | Swamp:3  | Noticed Ubbricas's illusion
 40844 | Swamp:3  | Killed Mara
 41156 | Swamp:3  | Noticed Donald
 41163 | Swamp:3  | Killed Donald
 41327 | Swamp:3  | Reached skill level 5 in Shields
 42287 | Swamp:4  | Entered Level 4 of the Swamp
 42416 | Swamp:4  | Noticed the 27-headed Lernaean hydra
 42839 | Swamp:4  | Killed the 26-headed Lernaean hydra
 43572 | Swamp:4  | Got a decaying rune of Zot
 44069 | Vaults:1 | Entered Level 1 of the Vaults
 46113 | Vaults:1 | Reached XP level 22. HP: 204/204 MP: 6/37
 47007 | Vaults:2 | Reached skill level 23 in Invocations
 47602 | Vaults:2 | Found Ubofokin's Antique Weapon Shop.
 50408 | Vaults:3 | Found the +8 frozen axe "Frostbite" {freeze, freezing
                  | cloud, *Noise Fly rC+}
 50422 | Vaults:3 | Reached skill level 10 in Shields
 50617 | Vaults:3 | Found a staircase to the Crypt.
 51024 | Vaults:3 | Reached XP level 23. HP: 213/213 MP: 10/38
 51618 | Vaults:3 | Noticed Jory
 51622 | Vaults:3 | Killed Jory
 51886 | Vaults:3 | Reached skill level 24 in Invocations
 54506 | Vaults:4 | Reached skill level 15 in Armour
 55545 | Vaults:4 | Got Xum Gaos's Treatise on Vapourous Projection
 56019 | Slime:1  | Entered Level 1 of the Pits of Slime
 56293 | Slime:5  | Entered Level 5 of the Pits of Slime
 56949 | Slime:5  | Found a viscous altar of Jiyva.
 56949 | Slime:5  | Found the +3 warlock's mirror {omnireflect}
 56951 | Slime:5  | Lost intelligence.
 57120 | Slime:5  | Noticed the Royal Jelly
 57124 | Slime:5  | Killed the Royal Jelly
 57125 | Slime:5  | Reached XP level 24. HP: 196/226 MP: 2/39
 57131 | Slime:5  | HP: 10/226 [acid[the Royal Jelly] (4)]
 57827 | Slime:5  | Identified the ring "Hieb" {+Blink rElec rN++ Will+ Dex-4}
 57885 | Slime:5  | Identified the +11 morningstar of the Realm of Zot
                  | {protect, MP-9 Str+5}
 57895 | Slime:5  | Identified the ring "Feqouddo" {Int+2 Dex+6}
 57989 | Slime:5  | Identified the +9 short sword of Keuvowoz {venom, Int+5}
 57998 | Slime:5  | Got a slimy rune of Zot
 58016 | Slime:5  | Identified the +2 leather armour of the Abyss {rElec Str+3
                  | Stlth-}
 58030 | Slime:5  | Identified the +3 war axe of Causality {freeze, *Rage rN++}
 58037 | Slime:5  | Identified the +1 pair of gloves of Zodgh {*Slow Fly Int+4}
 58399 | Depths:1 | Entered Level 1 of the Depths
 58417 | Depths:1 | Found an opulent altar of Gozag.
 59557 | Depths:1 | Reached skill level 25 in Invocations
 60474 | Depths:1 | Found a gateway to Hell.
 60782 | Depths:2 | Found a one-way gateway to a ziggurat.
 60892 | Depths:2 | Found a one-way gate leading to the halls of Pandemonium.
 61103 | Depths:2 | You fall into a shaft and drop 1 floor!
 61113 | Depths:3 | Found Big Baal Hell's Store.
 61279 | Depths:3 | Bought 10 potions of heal wounds for 3300 gold pieces
 61299 | Depths:3 | Found a one-way gate to the infinite horrors of the Abyss.
 61303 | Depths:3 | Identified a scroll of acquirement
 61375 | Depths:3 | Acquired 901 gold pieces
 61875 | Depths:3 | Reached XP level 25. HP: 231/236 MP: 3/39
 62312 | Depths:2 | Identified the ring "Sobawkett" {rN++ rCorr}
 62705 | Depths:2 | Identified the +8 scale mail "Afutula" {rF+}
 62902 | Depths:2 | Found a corrupted altar of Lugonu.
 63217 | Depths:2 | Identified the ring of Meuwufoo {Fly rF- rCorr Dex+4}
 64123 | Depths:3 | Found the +3 pair of gauntlets of War {Slay+5}
 64147 | Depths:3 | Identified the staff of Callousness {rCorr MP+9 Stlth+
                  | Conj}
 64695 | Zig:1    | Entered Level 1 of a ziggurat
 64712 | Zig:2    | Entered Level 2 of a ziggurat
 64780 | Zig:3    | Entered Level 3 of a ziggurat
 64823 | Zig:3    | Identified the ring "Muot" {Fly Will+ Dex+2}
 64838 | Zig:4    | Entered Level 4 of a ziggurat
 64864 | Zig:4    | Identified the +5 battleaxe of the Equinox {freeze, rCorr}
 64867 | Zig:5    | Entered Level 5 of a ziggurat
 64918 | Zig:5    | Identified the +0 sling of Integrity {heavy, ^Fragile rPois
                  | rCorr Int+5}
 64929 | Zig:6    | Entered Level 6 of a ziggurat
 64934 | Zig:6    | Lost intelligence.
 65030 | Zig:6    | Identified the +1 chain mail of Valour {Fly Will- Regen+
                  | Int+2}
 65042 | Zig:7    | Entered Level 7 of a ziggurat
 65046 | Zig:7    | Noticed an ancient lich
 65055 | Zig:7    | Killed an ancient lich
 65122 | Zig:7    | Identified the +2 ring mail "Gurigar" {rC+ rCorr Str+2}
 65125 | Zig:8    | Entered Level 8 of a ziggurat
 65189 | Zig:8    | Identified the ring "Plog" {EV+5 Str+4}
 65225 | Zig:9    | Entered Level 9 of a ziggurat
 65536 | Zig:10   | Entered Level 10 of a ziggurat
 65555 | Zig:10   | Reached skill level 26 in Invocations
 65649 | Zig:10   | Identified the storm talisman of the Fisher {rF+ Int+3}
 65653 | Zig:10   | Identified the +0 leather armour of the Teacher {rElec rF+
                  | rN+}
 65664 | Zig:11   | Entered Level 11 of a ziggurat
 65714 | Zig:11   | Got the Atlas of Melanosis and the Union
 65732 | Zig:11   | Identified the +5 hand axe "Qutijoan" {flame, Int+5}
 65739 | Zig:11   | Identified the ring of Miytha {rCorr Int+4}
 65746 | Zig:12   | Entered Level 12 of a ziggurat
 65751 | Zig:12   | Noticed a juggernaut
 65752 | Zig:12   | Noticed a juggernaut
 65752 | Zig:12   | Noticed a juggernaut
 65752 | Zig:12   | Noticed a juggernaut
 65760 | Zig:12   | Killed a juggernaut
 65764 | Zig:12   | Killed a juggernaut
 65764 | Zig:12   | Killed a juggernaut
 65772 | Zig:12   | Killed a juggernaut
 65932 | Zig:12   | Found the dreamshard necklace {Acrobat *Dream}
 65949 | Zig:12   | Acquired a manual of Spellcasting
 65960 | Zig:12   | Identified the ring "Geona" {Will+ Stlth+}
 65975 | Zig:13   | Entered Level 13 of a ziggurat
 65986 | Zig:13   | Reached XP level 26. HP: 249/249 MP: 40/40
 66101 | Zig:13   | Identified the ring of Necety {rC+ Str+6 Dex+6}
 66107 | Zig:13   | Identified the ring of Ferhaf {rC+ Will++ Str-3 Slay+5}
 66121 | Zig:13   | Identified the staff of Wukun {rF+ rCorr Int+2 Fire}
 66127 | Zig:14   | Entered Level 14 of a ziggurat
 66137 | Zig:14   | Noticed Tibbeudu's ghost (legendary DjCj)
 66138 | Zig:14   | Noticed dilly's ghost (legendary OpSh)
 66139 | Zig:14   | Noticed stone111's ghost (veteran DrSh)
 66140 | Zig:14   | Noticed Obydaxko's ghost (legendary DECj)
 66141 | Zig:14   | Killed Obydaxko's ghost
 66141 | Zig:14   | Killed stone111's ghost
 66141 | Zig:14   | Killed dilly's ghost
 66166 | Zig:14   | Killed from afar by Tibbeudu's ghost

Illustrated notes

Levels and vault maps discovered:
D:1:      minmay_arrival_stone_box, layout_loops_corners
D:2:      layout_rooms, serial_shops, nicolae_shop_advertising_works
          [nicolae_subvault_shop_adworks], minmay_gold_behind_fungi
D:3:      layout_rooms, uniq_crazy_yiuf_cottage
D:4:      layout_basic, serial_shops, nicolae_shop_back_alley_shop
D:5:      layout_loops_ring, cheibrodos_sewer_entry_sluice, uniq_duvessa,
          uniq_grinder, uniq_edmund
D:6:      minmay_chambers_of_threes, layout_loops_corners, serial_shops,
          shop_fountains, uniq_pikel, uniq_jeremiah
D:7:      layout_basic, minmay_temple_entry_tees
D:8:      layout_gridville, lemuel_blue_sif_altar, serial_shops,
          nicolae_stop_n_shop_1, shop, uniq_grum
D:9:      layout_grid_maze, kennysheep_mini, hiddenorc1_lemuel,
          bh_circular_ruins
D:10:     layout_irregular_city, uniq_harold
D:11:     layout_roguey, dpeg_lair_monsters, nicolae_trove_entry_columns,
          minivault_27, uniq_snorg
D:12:     layout_stronghold, gauntlet_entry_generic, uniq_josephine, uniq_rupert
D:13:     layout_rooms
D:14:     layout_irregular_city, skrybe_vaults_entry_preservation, serial_shops,
          nicolae_shop_trees, hangedman_decor_opposing, uniq_lodul, uniq_frances
D:15:     grunt_enter_depths_giant_problem, layout_loops_corners,
          minmay_liquid_box
Temple:   mainiacjoe_temple_cubbyholes
Lair:1:   layout_gridlike, infiniplex_staircase_pool, uniq_amaemon
Lair:2:   layout_cave_pods, ebering_ghost_reflecting_pool,
          chequers_serial_rivers_small_b
Lair:3:   layout_gridlike, swamp_mist, spider_nest_entry_a
Lair:4:   layout_layer_cave, minmay_slime_entry_oklob_open,
          ebering_ghost_rock_garden, chequers_serial_rivers_large_a,
          grunt_megastairs_3
Lair:5:   evilmike_catoblepas_cave, layout_big_grid, ebering_ghost_funeral_grove
Swamp:1:  layout_basic_swamp, evilmike_swamp_ruin_house_3, uniq_mlioglotl,
          uniq_louise
Swamp:2:  layout_basic_swamp, portal_ice_cave_entry_ice_simulacra,
          hangedman_swamp_lotus, nicolae_swamp_tree_isthmus
Swamp:3:  layout_basic_swamp, evilmike_swamp_ruin_house_5, swamp_pool_4,
          uniq_mara, uniq_donald
Swamp:4:  swamp_old_school, layout_basic_swamp
Spider:1: layout_chambers
Spider:2: layout_spider_delve, uniq_nikola
Spider:3: layout_cave_pods
Spider:4: grunt_spider_rune_circles, hellmonk_deceptive_appearances
Slime:1:  layout_caves, basic_altar, nicolae_slime_getting_an_eyeful
Slime:2:  layout_caves
Slime:3:  layout_caves
Slime:4:  layout_caves
Slime:5:  slime_pit_nicolae_block_by_block
Orc:1:    layout_diamond_mine, serial_shops, shop, shop, shop,
          nicolae_shop_rolled_up, nicolae_shop_mannequins, basic_altar,
          uniq_maurice
Orc:2:    st_orc_mages, layout_caves, lightli_volcano_entry_magma_tube,
          bh_open_orc_temple
Elf:1:    layout_onion_city, serial_shops, shop, nicolae_elf_crossing_hall
Elf:2:    nicolae_elf_blades_splatter_lattice
          [nicolae_blade_entry_hurt_lockers], layout_geoelf_octagon,
          serial_library_regret_index_split_case, uniq_zenata, uniq_azrael
Elf:3:    minmay_elf_hall_x, layout_gridlike
Vaults:1: nicolae_vaults_offset_grid_hallway_4, v_alt_pattern_6, v_misc_2,
          nicolae_vaults_trapezoid_lopsided_4,
          nicolae_vaults_trapezoid_lopsided_3, hangedman_vaults_slither,
          nicolae_vaults_network_quincunx
          [nicolae_vaults_network_quincunx_subvault,
          nicolae_vaults_network_quincunx_subvault,
          nicolae_vaults_network_quincunx_subvault,
          nicolae_vaults_network_quincunx_subvault,
          nicolae_vaults_network_quincunx_subvault], nicolae_vaults_meiosis,
          nicolae_vaults_big_ls, vaults_dpeg_ring, nicolae_vaults_cochlea,
          layout_vaults_maze
Vaults:2: st_lattice, hangedman_vaults_cutoff, v_misc_30, v_misc_22,
          serial_library_hellmonk_reading_circle,
          nicolae_vaults_border_crossing, v_rooms_1, grunt_vaults_twisty,
          minmay_orc_keep, nicolae_vaults_little_squares_4,
          nicolae_vaults_offset_grid_hallway_1,
          nicolae_vaults_storage_room_glass, grunt_vaults_hallway_short,
          layout_vaults_omnibox, serial_shops, nicolae_shop_crystal
Vaults:3: nicolae_vaults_wine_cellar, minmay_crypt_entry_simple_round,
          grunt_vaults_bifocal, v_misc_22, vaults_room_stairs_pillars,
          nicolae_vaults_little_squares_1, layout_vaults_omnigrid, uniq_jory
Vaults:4: nicolae_vaults_double_plus_1, nicolae_vaults_little_squares_2,
          nicolae_vaults_network_s, nicolae_vaults_steering_wheel,
          nicolae_vaults_shipping_containers_2, nicolae_vaults_spaceships,
          nicolae_vaults_triangles, nicolae_vaults_mini_display_case,
          ontoclasm_vaults_eye, nicolae_vaults_little_squares_1,
          nicolae_vaults_hexular_roomagon, nicolae_vaults_trapezoid_3,
          nicolae_vaults_house_3, nicolae_vaults_house_2,
          nicolae_vaults_trapezoid_2, layout_vaults_ring
Depths:1: layout_basic, pf_coc_iceberg, grunt_gozag_breadcrumbs,
          nicolae_integral_box
Depths:2: nzn_winding_woodlands_three_and_one
          [nzn_winding_woodlands_5x15_river_crossing,
          nzn_winding_woodlands_5x15_parted, nzn_winding_woodlands_5x15_zeroes,
          nzn_winding_woodlands_center_diamonds], layout_twisted_cross,
          enter_ziggurat_e, rand_demon_pan_entry_8, hell_entry,
          abyss_entry_flame_altar, infiniplex_staircase_pillars_1
Depths:3: minmay_the_grid_triangle_9x9_rhombus_full_mashed
          [minmay_the_grid_triangle_9x9_impossible_snake,
          minmay_the_grid_triangle_9x9_flanged_cone,
          minmay_the_grid_triangle_9x9_from_above,
          minmay_the_grid_triangle_9x9_corruption,
          minmay_the_grid_triangle_9x9_wacky_v,
          minmay_the_grid_triangle_9x9_stretched_checkered,
          minmay_the_grid_triangle_9x9_zippers_vertical,
          minmay_the_grid_triangle_9x9_prize_insulated], layout_basic,
          nicolae_abyss_entry_one_way_or_another,
          nicolae_hell_entry_big_baal_hell, abandoned_shop
Zig:14

Skill      XL: |  1  2  3  4  5  6  7  8  9 10 11 12 13 14 15 16 17 18 19 20 21 22 23 24 25 26 |
---------------+-------------------------------------------------------------------------------+-----
Axes           | 2 3 4 5 6 8 9 10 11 12 13 14 15 16 17 18 | 18.0
Fighting       | 4 6 9 10 11 12 13 14 15 16 17 18 19 20 21 22 23 | 23.4
Invocations    | 6 9 11 13 15 16 17 18 19 21 22 23 24 25 26 | 26.3
Armour         | 3 5 6 7 8 9 10 11 12 13 14 15 16 17 | 17.8
Dodging        | 4 7 9 10 11 12 13 | 13.8
Shields        | 4 7 10 11 13 14 | 14.7

Action                     |  1- 3 |  4- 6 |  7- 9 | 10-12 | 13-15 | 16-18 | 19-21 | 22-24 | 25-27 || total
---------------------------+-------+-------+-------+-------+-------+-------+-------+-------+-------++-------
  Melee: War axe           |   104 |   136 |   114 |   132 |   805 |   810 |   736 |   142 |       ||  2979
         Trident           |       |       |   118 |   474 |    12 |       |       |       |       ||   604
         Broad axe         |       |       |       |       |       |       |       |   752 |   255 ||  1007
  Throw: Dart              |       |       |       |     8 |       |       |       |       |       ||     8
 Invoke: Upheaval          |       |       |       |     7 |    14 |    10 |    24 |     5 |     6 ||    66
         Disaster Area     |       |       |       |       |       |       |     4 |     1 |     3 ||     8
  Evoke: Wand              |       |     4 |     4 |    10 |       |       |     1 |       |       ||    19
    Use: Scroll            |     2 |     3 |     6 |    10 |     9 |     6 |     5 |     3 |     3 ||    47
         Potion            |       |       |     1 |     4 |       |     1 |    17 |     2 |     2 ||    27
 Armour: Scale mail        |    78 |    44 |       |       |       |       |       |       |       ||   122
         Plate armour      |       |   110 |   182 |   548 |   758 |   599 |   673 |   340 |   201 ||  3411
  Dodge: Dodged            |    47 |    62 |    47 |   118 |   279 |   300 |   208 |   120 |    72 ||  1253
         Repelled          |       |       |       |     5 |    14 |    45 |    69 |    41 |    21 ||   195
  Block: Buckler           |    19 |    22 |    26 |   154 |   271 |   359 |   178 |       |       ||  1029
         Tower shield      |       |       |       |       |       |       |   508 |   841 |   373 ||  1722

Table legend: (Time is in decaauts)
 A = Elapsed time spent in this place.
 B = Non-inter-level travel time spent in this place.
 C = Inter-level travel time spent in this place.
 D = Time resting spent in this place.
 E = Time spent auto-exploring this place.
 F = Levels seen in this place.
 G = Mean time per level.
                   A        B        C        D        E       F      G
               +--------+--------+--------+--------+--------+-----+--------+
         Total |  67453 |  62372 |   5081 |   3197 |  49867 |  67 | 1006.8 |
       Dungeon |  16020 |  13996 |   2024 |    516 |  11336 |  15 | 1068.0 |
        Temple |     38 |      2 |     36 |      0 |      0 |   1 |   38.0 |
          Lair |   6083 |   5251 |    832 |    305 |   4220 |   5 | 1216.6 |
         Swamp |   5725 |   5546 |    179 |    247 |   4739 |   4 | 1431.2 |
   Spider Nest |   5035 |   4716 |    319 |    340 |   3593 |   4 | 1258.8 |
    Slime Pits |   2749 |   2479 |    270 |    535 |   1422 |   5 |  549.8 |
  Orcish Mines |   2664 |   2113 |    551 |    196 |   1365 |   2 | 1332.0 |
   Elven Halls |   6210 |   5919 |    291 |    714 |   4320 |   3 | 2070.0 |
        Vaults |  11758 |  11432 |    326 |      0 |  10532 |   4 | 2939.5 |
        Depths |   6416 |   6169 |    247 |      0 |   5543 |   3 | 2138.7 |
         Abyss |    492 |    492 |      0 |     13 |    145 |   2 |  246.0 |
      Ziggurat |   1587 |   1587 |      0 |      0 |   1067 |  14 |  113.4 |
         Trove |     95 |     95 |      0 |      0 |     64 |   1 |   95.0 |
         Sewer |    246 |    246 |      0 |      6 |    162 |   1 |  246.0 |
      Ice Cave |    341 |    341 |      0 |      0 |    283 |   1 |  341.0 |
       Volcano |   1097 |   1097 |      0 |    325 |    517 |   1 | 1097.0 |
      Gauntlet |    887 |    887 |      0 |      0 |    557 |   1 |  887.0 |
               +--------+--------+--------+--------+--------+-----+--------+

Top non-repeatable levels by time:
Vaults:4: 3262 daAuts
Vaults:1: 3003 daAuts
Vaults:3: 2964 daAuts
Depths:1: 2548 daAuts
Vaults:2: 2529 daAuts
   Elf:2: 2458 daAuts
 Slime:5: 2427 daAuts
Depths:3: 2239 daAuts
   Elf:3: 2084 daAuts
 Swamp:3: 1850 daAuts
     D:6: 1692 daAuts
   Elf:1: 1667 daAuts
Depths:2: 1629 daAuts
  Lair:5: 1611 daAuts
     D:9: 1552 daAuts
